 Dungeon Crawl Stone Soup version 0.31-a0-4-gefa6de2278 (webtiles) character file.

Game seed: 15126741995046067819

1612 funkygono the Cleaver (level 8, -3/71 HPs)
             Began as a Minotaur Fighter on May 4, 2023.
             Succumbed to an orc wizard's poison
             ... on level 7 of the Dungeon.
             The game lasted 00:05:31 (4462 turns).

funkygono the Cleaver (Minotaur Fighter)            Turns: 4462, Time: 00:05:32

Health: -3/71      AC: 16    Str: 23    XL:     8   Next: 63%
Magic:  7/7        EV:  8    Int:  5    God:
Gold:   252        SH:  0    Dex: 10    Spells: 7/7 levels left

rFire   . . .        a - +0 war axe
rCold   . . .        c - +0 buckler
rNeg    + . .        j - +0 chain mail
rPois   .            B - +2 hat
rElec   .            (no cloak)
rCorr   .            (no gloves)
SInv    .            (no boots)
Will    .....        w - amulet of the acrobat Stlth
                     r - ring of positive energy
HPRegen 0.31/turn    y - +4 ring of protection
MPRegen 0.10/turn

%: acrobat
@: confused, lethally poisoned (-3 -> -17)
A: horns 2, retaliatory headbutt
a: no special abilities


You were on level 7 of the Dungeon.
You visited 1 branch of the dungeon, and saw 7 of its levels.

You collected 252 gold pieces.

Inventory:

Hand Weapons
 a - a +0 war axe (weapon)
Missiles
 m - 3 boomerangs (quivered)
Armour
 c - a +0 buckler (worn)
 j - a +0 chain mail (worn)
 B - a +2 hat (worn)
Jewellery
 r - a ring of positive energy (left hand)
 t - a +6 ring of intelligence
 w - an amulet of the acrobat (around neck)
 x - a +6 ring of dexterity
 y - a +4 ring of protection (right hand)
 A - an amulet of magic regeneration
Wands
 u - a wand of iceblast (14)
Scrolls
 b - a scroll of torment {unknown}
 h - 8 scrolls of identify {unknown}
 i - 2 scrolls of amnesia {unknown}
 n - 4 scrolls of teleportation {unknown}
 o - 2 scrolls of vulnerability {unknown}
 s - 2 scrolls of fog {unknown}
Potions
 d - 2 potions of might
 e - a potion of curing {unknown}
 f - 3 potions of flight {unknown}
 g - 2 potions of heal wounds {unknown}
 k - 2 potions of magic {unknown}
 l - a potion of lignification {unknown}
 p - a potion of invisibility {unknown}
 q - a potion of brilliance {unknown}
 v - a potion of degeneration {unknown}
 z - a potion of attraction {unknown}
 C - a potion of mutation {unknown}


   Skills:
 + Level 6.6 Fighting
 + Level 9.2 Axes
 + Level 7.5 Armour
 + Level 0.9 Dodging
 + Level 0.5 Stealth
 + Level 5.1 Shields


You had 7 spell levels left.
You didn't know any spells.
Your spell library contained the following spells:

 Spells                   Type           Power      Damage    Failure   Level
 Sandblast                Erth           0%         2d4       97%         1
 Shock                    Conj/Air       0%         1d3       97%         1
 Passwall                 Tmut/Erth      0%         N/A       99%         2
 Stone Arrow              Conj/Erth      0%         3d7       100%        3
 Swiftness                Air            0%         N/A       100%        3
 Airstrike                Air            0%         2d(0-16)  100%        4
 Summon Ice Beast         Ice/Summ       0%         N/A       100%        4
 Summon Mana Viper        Hex/Summ       0%         N/A       100%        5
 Monstrous Menagerie      Summ           0%         N/A       100%        7


Dungeon Overview and Level Annotations

Branches:
Dungeon (7/15)
 Temple: D:4-7

Altars:
Dithmenos
Ru


Innate Abilities, Weirdness & Mutations

You have a pair of horns on your head.
You reflexively headbutt those who attack you in melee.


Message History

The wight freezes you.
You hear some strange, mumbled words.
Deactivating autopickup; reactivate with Ctrl-A.
You are confused.
The wight attacks as you move away! The wight closely misses you.
You feel sick. Something barely misses you.
You feel sick. The wight barely misses you.
You barely miss something. You closely miss the wight.
You feel sick.
The wight hits you with a +4 long sword of freezing!
The wight freezes you.
* * * LOW HITPOINT WARNING * * *
You hear some strange, mumbled words.
Something tries to affect you, but you resist.
You miss the wight. Your headbutt misses the wight. You hit something.
You feel sick.
The wight hits you with a +4 long sword of freezing.
* * * LOW HITPOINT WARNING * * *
The wight freezes you.
* * * LOW HITPOINT WARNING * * *
Something hits you but does no damage.
You are more poisoned.
The wight hits you but does no damage. Something hits you but does no damage.
You are lethally poisoned!
* * * LOW HITPOINT WARNING * * *
You feel very sick. The wight completely misses you.
You hear some strange, mumbled words.
You are more confused.
* * * LOW HITPOINT WARNING * * *
You feel very sick. The wight completely misses you.
You barely miss something. You hit the wight.
* * * LOW HITPOINT WARNING * * *
You feel very sick. The wight barely misses you.
Something hits you but does no damage.
You are more poisoned.
You miss the wight. Your headbutt misses the wight.
The wight is moderately damaged.
You miss something.
You die...

...#.# .. #..#.# ...
# #..#.##..
.##....... .........#
### #.##.....#
..##.##.....#
....##)@...#
#..##>z...#
#.##)....#
#.#####........#
.......)......#####.#
### .
..########...........
..##.
#..#.####..####.##.
#....# #. #.......
#....# #..#....#..


You could see a wight.

Vanquished Creatures
  Grinder (D:4)
  2 water moccasins
  An ice beast (D:5)
  A sky beast (D:6)
  An ogre (D:5)
  A black bear (D:6)
  A centaur (D:7)
  A phantom (D:6)
  2 wights (D:7)
  A scorpion (D:4)
  2 hounds (D:5)
  A jelly (D:5)
  3 orc priests
  An iguana (D:7)
  4 sleepcaps
  4 orc wizards
  3 adders
  A white imp (D:4)
  5 worms
  A dart slug (D:2)
  14 orcs
  4 endoplasms
  3 giant cockroaches
  4 goblins (D:3)
  6 hobgoblins
  4 jackals (D:3)
  3 quokkas
  6 ball pythons
  4 bats
  6 frilled lizards
  4 kobolds
  2 rats
97 creatures vanquished.

Notes
Turn   | Place    | Note
-------+----------+-------------------------------------------
     0 | D:1      | funkygono the Minotaur Fighter began the quest for the Orb.
     0 | D:1      | Reached XP level 1. HP: 19/19 MP: 0/0
   177 | D:1      | Reached XP level 2. HP: 27/27 MP: 1/1
   418 | D:2      | Identified the +2 leather armour of Teykhy {Regen+}
   490 | D:2      | Reached XP level 3. HP: 15/33 MP: 2/2
   496 | D:2      | Reached skill level 3 in Axes
  1162 | D:3      | Reached XP level 4. HP: 41/41 MP: 3/3
  1588 | D:4      | Reached skill level 4 in Axes
  1870 | D:4      | Identified the +2 robe of Haosef {MP+9}
  1922 | D:4      | Noticed a scorpion
  1928 | D:4      | Killed a scorpion
  1929 | D:4      | Reached skill level 5 in Armour
  1929 | D:4      | Reached XP level 5. HP: 30/47 MP: 4/4
  2078 | D:4      | Noticed Grinder
  2087 | D:4      | Killed Grinder
  2088 | D:4      | Reached skill level 5 in Axes
  2088 | D:4      | Reached XP level 6. HP: 27/55 MP: 5/5
  2262 | D:5      | Entered Level 5 of the Dungeon
  2283 | D:5      | Noticed a water moccasin
  2298 | D:5      | Killed a water moccasin
  2299 | D:5      | Reached skill level 5 in Fighting
  2299 | D:5      | Reached skill level 6 in Axes
  2472 | D:5      | Reached XP level 7. HP: 61/61 MP: 6/6
  2482 | D:5      | Reached skill level 7 in Axes
  3271 | D:6      | Reached skill level 8 in Axes
  3285 | D:6      | Reached XP level 8. HP: 34/70 MP: 7/7
  3623 | D:6      | Found a shadowy altar of Dithmenos.
  3642 | D:6      | Found a sacrificial altar of Ru.
  3806 | D:6      | Reached skill level 5 in Shields
  4443 | D:7      | Reached skill level 9 in Axes
  4461 | D:7      | HP: 1/71 [poisoned by an orc wizard]
  4462 | D:7      | Succumbed to an orc wizard's poison

Illustrated notes

Levels and vault maps discovered:
D:1:      dpeg_arrival_tiny_a, layout_rooms
D:2:      layout_rooms, kennysheep_generic_room_7
D:3:      minmay_general_purpose_star, layout_basic
D:4:      layout_basic, uniq_grinder
D:5:      layout_loops_ring
D:6:      layout_loops_corners, nicolae_overflow_squiral
D:7:      layout_basic, minmay_temple_entry_butterflies

Skill      XL: |  1  2  3  4  5  6  7  8 |
---------------+-------------------------+-----
Armour         | 4 5 6 7 |  7.5
Fighting       | 4 5 6 |  6.6
Axes           | 3 4 5 6 8 9 |  9.2
Shields        | 4 5 |  5.1
Dodging        | |  0.9
Stealth        | |  0.5

Action                     |  1- 3 |  4- 6 |  7- 9 || total
---------------------------+-------+-------+-------++-------
  Melee: War axe           |    80 |    51 |   114 ||   245
         Headbutt          |    17 |     5 |    25 ||    47
 Armour: Scale mail        |    26 |       |       ||    26
         Chain mail        |    20 |    14 |    74 ||   108
  Dodge: Dodged            |    39 |    22 |    68 ||   129
  Block: Buckler           |    20 |     9 |    22 ||    51

Table legend: (Time is in decaauts)
 A = Elapsed time spent in this place.
 B = Non-inter-level travel time spent in this place.
 C = Inter-level travel time spent in this place.
 D = Time resting spent in this place.
 E = Time spent auto-exploring this place.
 F = Levels seen in this place.
 G = Mean time per level.
                   A        B        C        D        E       F      G
               +--------+--------+--------+--------+--------+-----+--------+
         Total |   4520 |   4374 |    146 |      0 |   3603 |   7 |  645.7 |
       Dungeon |   4520 |   4374 |    146 |      0 |   3603 |   7 |  645.7 |
               +--------+--------+--------+--------+--------+-----+--------+

Top non-repeatable levels by time:
     D:6: 1212 daAuts
     D:5: 881 daAuts
     D:4: 764 daAuts
     D:3: 640 daAuts
     D:2: 559 daAuts
     D:1: 340 daAuts
     D:7: 121 daAuts
